Canucks vs Rangers

Created - 5 avril 2017 at 23:34

Goals
1 2 3 T
Canucks 1 0 1 2
Rangers 2 2 0 4
Shots
1 2 3 T
Canucks 12 9 12 33
Rangers 10 12 8 30

1st period

1. Rangers , James Neal 19 (Mike Cammalleri) at 5:12 (SH)
2. Canucks , Maxim Afinogenov 28 (Milan Michalek) at 13:20 (PP)
3. Rangers , Milan Lucic 38 (James Neal, Stephen Weiss) at 14:23 (PP)

Penalties :
Ryan Suter (NYR) for Tripping (Minor) at 4:31, Milan Lucic (NYR) for Hooking (Minor) at 13:09, Nigel Dawes (Van) for Hooking (Minor) at 14:18, Nikolai Zherdev (Van) for Hooking (Minor) at 16:01

2nd period

4. Rangers , Valtteri Filppula 10 (Darren Reid) at 8:36
5. Rangers , Stephen Weiss 19 (Milan Lucic, James Neal) at 16:09

Penalties :
James Neal (NYR) for Tripping (Minor) at 0:15, Nikolai Zherdev (Van) for Checking from behind (Minor) at 2:43, Alexei Emelin (NYR) for Interference (Minor) at 19:57

3rd period

6. Canucks , Nikolai Zherdev 3 (Alex Goligoski, Maxim Lapierre) at 9:27

Penalties :
Milan Michalek (Van) for Hooking (Minor) at 0:22, Clarke MacArthur (Van) for Hooking (Minor) at 5:33, Chris Bourque (NYR) for Hooking (Minor) at 11:36

Goalie Stats

Brent Krahn (Van), 13 saves from 17 shots - (0,765), L, 10-9-2, 36:09 minutes
Carey Price (Van), 13 saves from 13 shots - (1,000), 23:51 minutes
Henrik Lundqvist (NYR), 31 saves from 33 shots - (0,939), W, 24-14-2, 60:00 minutes

Players Stats for Canucks

Player Name              G  A  P  +/- PIM S  H  SB GA TA FO     MP     PP MP  PK MP  
------------------------------------------------------------------------------------
Alex Goligoski           0  1  1  -2  0   3  1  2  0  1  0/0    27:54   4:04   4:18 
Alex Tanguay             0  0  0   1  0   1  2  1  0  0  1/1    13:04   0:00   1:34 
Ben Lovejoy              0  0  0  -2  0   1  1  1  1  1  0/0    27:54   4:04   4:18 
Brendon Nash             0  0  0   0  0   0  1  0  0  0  0/0    12:09   0:00   0:00 
Clarke MacArthur         0  0  0  -2  2   2  0  0  0  1  0/0     8:46   2:43   0:00 
Jiri Hudler              0  0  0  -1  0   1  2  0  0  0  1/1    15:27   0:00   1:31 
Martin St. Louis         0  0  0  -2  0   1  0  0  1  0  0/1     9:36   2:43   0:00 
Matt Stajan              0  0  0  -2  0   1  2  0  1  1  4/10   18:28   2:43   1:45 
Maxim Afinogenov         1  0  1  -1  0   6  2  1  0  0  2/2    18:54   3:50   1:42 
Maxim Lapierre           0  1  1   1  0   3  1  1  0  0  3/8     9:15   0:00   0:00 
Mike Ribeiro             0  0  0   0  0   2  3  1  1  1  14/27  23:30   3:50   3:11 
Milan Michalek           0  1  1   0  2   2  0  0  0  0  2/5     7:11   3:39   3:11 
Nigel Dawes              0  0  0   0  2   0  0  0  0  0  0/1    15:37   0:00   0:00 
Nikolai Zherdev          1  0  1   0  4   3  1  2  0  0  3/6    16:28   0:10   0:00 
Patrick Eaves            0  0  0   0  0   3  1  1  0  0  2/3    15:38   0:00   0:00 
Ryan Parent              0  0  0   0  0   3  1  1  0  1  0/0    12:09   0:00   0:00 
Sami Lepisto             0  0  0   0  0   1  1  2  0  0  0/0    19:57   2:29   2:09 
Tom Poti                 0  0  0   0  0   0  1  0  0  0  0/0    19:57   2:29   2:09 

Players Stats for Rangers

Player Name              G  A  P  +/- PIM S  H  SB GA TA FO     MP     PP MP  PK MP  
------------------------------------------------------------------------------------
Alexandre Bolduc         0  0  0   0  0   1  1  1  0  0  3/7    12:06   0:00   0:50 
Alexei Emelin            0  0  0   1  2   0  0  0  0  0  0/0    12:40   0:00   0:55 
Cam Barker               0  0  0   0  0   2  1  0  0  1  0/0    28:08   3:49   3:58 
Chris Bourque            0  0  0   0  2   5  3  1  1  0  0/2    12:51   0:00   1:11 
Colten Teubert           0  0  0   0  0   0  0  0  0  0  0/0     3:39   0:00   0:00 
Darren Reid              0  1  1   0  0   1  1  0  0  0  0/1    16:24   3:11   0:00 
Jakob Silfverberg        0  0  0   0  0   1  0  0  0  0  0/0    11:56   0:23   0:00 
James Neal               1  2  3   2  2   4  2  0  0  0  0/1    19:22   3:10   1:06 
Mark Fistric             0  0  0   0  0   2  0  1  0  0  0/0    24:29   3:49   3:58 
Matt Greene              0  0  0   2  0   0  3  0  0  0  0/0    20:06   2:38   2:35 
Matt Read                0  0  0   0  0   0  0  0  0  0  0/0     8:10   0:11   0:00 
Mike Cammalleri          0  1  1   1  0   4  2  3  1  1  1/2    18:46   3:05   2:29 
Milan Lucic              1  1  2   1  2   5  3  1  2  0  6/12   26:27   3:05   3:29 
Nathan Gerbe             0  0  0   0  0   1  0  0  0  0  0/0     6:06   0:00   0:09 
Ryan Suter               0  0  0   1  2   0  2  0  0  2  0/0    19:13   2:38   1:40 
Staffan Kronwall         0  0  0   0  0   0  0  0  0  0  0/0    11:46   0:00   0:00 
Stephen Weiss            1  1  2   1  0   2  1  0  1  0  16/28  23:17   3:05   3:52 
Valtteri Filppula        1  0  1   0  0   2  0  0  1  0  7/12   16:22   3:11   0:00 

3 Stars

1 - James Neal (NYR)
2 - Stephen Weiss (NYR)
3 - Milan Lucic (NYR)

Power Play

Canucks - 1 on 5 Attempt(s) - 20,00%
Rangers - 1 on 5 Attempt(s) - 20,00%

Penalty Kill

Canucks - 4 on 5 Attempt(s) - 80,00% - Score 0 goal in Penalty Kill
Rangers - 4 on 5 Attempt(s) - 80,00% - Score 1 goal in Penalty Kill

Team Stat

Canucks - Hits : 20 - Faceoff Wins : 32 - Blocked Shots : 13 - Penalty Minutes : 10
Rangers - Hits : 19 - Faceoff Wins : 33 - Blocked Shots : 7 - Penalty Minutes : 10

Official

Referees : Martell Rob and O'Rourke Dan
Linesman : Dan Schachte and Pierre Racicot

Game Notes

Carey Price enters game at 16:09 of 2nd period

Finance

Level 1 -- Attendance: 4253 (70,88%) -- Ticket Income 382 770 $
Level 2 -- Attendance: 3495 (69,90%) -- Ticket Income 192 225 $
Level 3 -- Attendance: 1870 (93,50%) -- Ticket Income 56 100 $
Level 4 -- Attendance: 3637 (90,93%) -- Ticket Income 72 740 $
Luxury Box -- Attendance: 789 (78,90%) -- Ticket Income 138 075 $
Game was played at the Madison Square Garden.
Total Attendance: 14044 (78,02%)
Total Ticket Income: 841 910 $
Other Income: 126 286 $
Total Income: 968 196 $

Canucks

5 vs 5 Forward 
   Center                   Left Wing                Right Wing               Time % Phy DF OF 
 1 Mike Ribeiro             Nigel Dawes              Patrick Eaves            40     1   2  2  
 2 Matt Stajan              Jiri Hudler              Maxim Afinogenov         30     1   2  2  
 3 Maxim Lapierre           Alex Tanguay             Nikolai Zherdev          20     1   2  2  
 4 Nikolai Zherdev          Clarke MacArthur         Martin St. Louis         10     1   2  2  

5 vs 5 Defense 
   Defense                  Defense                                           Time % Phy DF OF 
 1 Alex Goligoski           Ben Lovejoy                                       40     1   2  2  
 2 Tom Poti                 Sami Lepisto                                      30     1   2  2  
 3 Ryan Parent              Brendon Nash                                      20     1   2  2  
 4 Alex Goligoski           Ben Lovejoy                                       10     1   2  2  

PowerPlay Forward 
   Center                   Left Wing                Right Wing               Time % Phy DF OF 
 1 Mike Ribeiro             Milan Michalek           Maxim Afinogenov         60     1   2  2  
 2 Matt Stajan              Clarke MacArthur         Martin St. Louis         40     1   2  2  

PowerPlay Defense
   Defense                  Defense                                           Time % Phy DF OF 
 1 Alex Goligoski           Ben Lovejoy                                       60     1   2  2  
 2 Tom Poti                 Sami Lepisto                                      40     1   2  2  

Penalty Kill 4 Players Forward 
   Center                   Wing                     Time % Phy DF OF 
 1 Milan Michalek           Mike Ribeiro             60     1   2  2  
 2 Maxim Afinogenov         Matt Stajan              40     1   2  2  

Penalty Kill 4 Players Defense
   Defense                  Defense                  Time % Phy DF OF 
 1 Alex Goligoski           Ben Lovejoy              60     1   2  2  
 2 Tom Poti                 Sami Lepisto             40     1   2  2  

Penalty Kill - 3 Players Forward 
   Forward                                           Time % Phy DF OF 
 1 Milan Michalek                                    60     1   2  2  
 2 Mike Ribeiro                                      40     1   2  2  

Penalty Kill - 3 Players Defense
   Defense                  Defense                  Time % Phy DF OF 
 1 Alex Goligoski           Ben Lovejoy              60     1   2  2  
 2 Tom Poti                 Sami Lepisto             40     1   2  2  

4 vs 4 Forward 
   Center                   Wing                     Time % Phy DF OF 
 1 Milan Michalek           Mike Ribeiro             60     1   2  2  
 2 Maxim Afinogenov         Matt Stajan              40     1   2  2  

4 vs 4 Defense
   Defense                  Defense                  Time % Phy DF OF 
 1 Alex Goligoski           Ben Lovejoy              60     1   2  2  
 2 Tom Poti                 Sami Lepisto             40     1   2  2  

Last Minutes Offensive
   Center                   Left Wing                Right Wing               Defense                  Defense                  
   Mike Ribeiro             Milan Michalek           Maxim Afinogenov         Alex Goligoski           Ben Lovejoy              

Last Minutes Defensive
   Center                   Left Wing                Right Wing               Defense                  Defense                  
   Mike Ribeiro             Milan Michalek           Maxim Afinogenov         Alex Goligoski           Ben Lovejoy              

Goaltenders
Starting : Brent Krahn              
Backup : Carey Price              

Extra Forwards
Normal : Nikolai Zherdev, Alex Tanguay, Jiri Hudler - PP : Nikolai Zherdev, Alex Tanguay - PK : Jiri Hudler
Extra Defensemen
Normal : Ryan Parent, Brendon Nash, Tom Poti - PP : Ryan Parent - PK : Brendon Nash, Tom Poti
Penalty Shots
Milan Michalek, Mike Ribeiro, Maxim Afinogenov, Matt Stajan, Martin St. Louis

Rangers

5 vs 5 Forward 
   Center                   Left Wing                Right Wing               Time % Phy DF OF 
 1 Stephen Weiss            Milan Lucic              James Neal               40     1   2  2  
 2 Valtteri Filppula        Mike Cammalleri          Darren Reid              30     1   2  2  
 3 Alexandre Bolduc         Chris Bourque            Jakob Silfverberg        20     1   2  2  
 4 Milan Lucic              Nathan Gerbe             Matt Read                10     1   2  2  

5 vs 5 Defense 
   Defense                  Defense                                           Time % Phy DF OF 
 1 Cam Barker               Mark Fistric                                      40     1   2  2  
 2 Matt Greene              Ryan Suter                                        30     1   2  2  
 3 Staffan Kronwall         Alexei Emelin                                     20     1   2  2  
 4 Colten Teubert           Cam Barker                                        10     1   2  2  

PowerPlay Forward 
   Center                   Left Wing                Right Wing               Time % Phy DF OF 
 1 Stephen Weiss            Milan Lucic              James Neal               60     1   2  2  
 2 Valtteri Filppula        Mike Cammalleri          Darren Reid              40     1   2  2  

PowerPlay Defense
   Defense                  Defense                                           Time % Phy DF OF 
 1 Cam Barker               Mark Fistric                                      60     1   2  2  
 2 Matt Greene              Ryan Suter                                        40     1   2  2  

Penalty Kill 4 Players Forward 
   Center                   Wing                     Time % Phy DF OF 
 1 Milan Lucic              Stephen Weiss            60     1   2  2  
 2 Mike Cammalleri          James Neal               40     1   2  2  

Penalty Kill 4 Players Defense
   Defense                  Defense                  Time % Phy DF OF 
 1 Cam Barker               Mark Fistric             60     1   2  2  
 2 Matt Greene              Ryan Suter               40     1   2  2  

Penalty Kill - 3 Players Forward 
   Forward                                           Time % Phy DF OF 
 1 Milan Lucic                                       60     1   2  2  
 2 Stephen Weiss                                     40     1   2  2  

Penalty Kill - 3 Players Defense
   Defense                  Defense                  Time % Phy DF OF 
 1 Cam Barker               Mark Fistric             60     1   2  2  
 2 Matt Greene              Ryan Suter               40     1   2  2  

4 vs 4 Forward 
   Center                   Wing                     Time % Phy DF OF 
 1 Milan Lucic              Stephen Weiss            60     1   2  2  
 2 Mike Cammalleri          James Neal               40     1   2  2  

4 vs 4 Defense
   Defense                  Defense                  Time % Phy DF OF 
 1 Cam Barker               Mark Fistric             60     1   2  2  
 2 Matt Greene              Ryan Suter               40     1   2  2  

Last Minutes Offensive
   Center                   Left Wing                Right Wing               Defense                  Defense                  
   Stephen Weiss            Milan Lucic              James Neal               Cam Barker               Mark Fistric             

Last Minutes Defensive
   Center                   Left Wing                Right Wing               Defense                  Defense                  
   Stephen Weiss            Milan Lucic              James Neal               Cam Barker               Mark Fistric             

Goaltenders
Starting : Henrik Lundqvist         
Backup : Hannu Toivonen           

Extra Forwards
Normal : Jakob Silfverberg, Matt Read, Chris Bourque - PP : Jakob Silfverberg, Matt Read - PK : Chris Bourque
Extra Defensemen
Normal : Staffan Kronwall, Alexei Emelin, Colten Teubert - PP : Staffan Kronwall - PK : Alexei Emelin, Colten Teubert
Penalty Shots
Milan Lucic, Stephen Weiss, Mike Cammalleri, James Neal, Darren Reid

% Time on Ice - Canucks

Lines # - Real PCT - Wanted PCT - Time Play
Normal Forward
1 - 36% - 40% - 16:17
2 - 33% - 30% - 15:05
3 - 19% - 20% - 8:38
4 - 12% - 10% - 5:26
Normal Defense
1 - 38% - 40% - 17:22
2 - 33% - 30% - 14:50
3 - 27% - 20% - 12:09
4 - 2% - 10% - 1:05
PP Forward
1 - 59% - 60% - 3:50
2 - 41% - 40% - 2:43
PP Defense
1 - 62% - 60% - 4:04
2 - 38% - 40% - 2:29
PK Forward
1 - 74% - 60% - 4:45
2 - 26% - 40% - 1:42
PK Defense
1 - 67% - 60% - 4:18
2 - 33% - 40% - 2:09
PK3 Forward
1 - 0% - 60%
2 - 0% - 40%
PK3 Defense
1 - 0% - 60%
2 - 0% - 40%
44 Forward
1 - 100% - 60% - 1:34
2 - 0% - 40% - 0:00
44 Defense
1 - 69% - 60% - 1:05
2 - 31% - 40% - 0:29
Last Minute Offensive  - 0:00
Last Minute Defensive  - 0:00
Total
Forward - 60:00
Defense - 60:00

% Time on Ice - Rangers

Lines # - Real PCT - Wanted PCT - Time Play
Normal Forward
1 - 34% - 40% - 15:19
2 - 32% - 30% - 14:26
3 - 21% - 20% - 9:44
4 - 13% - 10% - 5:57
Normal Defense
1 - 35% - 40% - 15:45
2 - 31% - 30% - 14:16
3 - 26% - 20% - 11:46
4 - 8% - 10% - 3:39
PP Forward
1 - 51% - 60% - 3:16
2 - 49% - 40% - 3:11
PP Defense
1 - 59% - 60% - 3:49
2 - 41% - 40% - 2:38
PK Forward
1 - 71% - 60% - 4:40
2 - 29% - 40% - 1:53
PK Defense
1 - 61% - 60% - 3:58
2 - 39% - 40% - 2:35
PK3 Forward
1 - 0% - 60%
2 - 0% - 40%
PK3 Defense
1 - 0% - 60%
2 - 0% - 40%
44 Forward
1 - 83% - 60% - 1:18
2 - 17% - 40% - 0:16
44 Defense
1 - 61% - 60% - 0:57
2 - 39% - 40% - 0:37
Last Minute Offensive  - 0:00
Last Minute Defensive  - 0:00
Total
Forward - 60:00
Defense - 60:00

Play by Play

1st period


0:01 of 1st period - Stephen Weiss wins face-off versus Mike Ribeiro in neutral zone.
0:08 of 1st period - Slapshot by Patrick Eaves.
0:08 of 1st period - Shot Misses the Net.
0:12 of 1st period - Snap shot by Mike Ribeiro.
0:12 of 1st period - Stopped by Henrik Lundqvist without a rebound.
0:13 of 1st period - Valtteri Filppula wins face-off versus Matt Stajan in Rangers zone.
0:13 of 1st period - Valtteri Filppula is hit by Maxim Afinogenov.
0:36 of 1st period - Icing by Mike Cammalleri.
0:37 of 1st period - Valtteri Filppula wins face-off versus Maxim Lapierre in Rangers zone.
0:42 of 1st period - Ryan Parent is hit by Matt Greene and loses puck.
0:49 of 1st period - Snap shot by Chris Bourque.
0:49 of 1st period - Stopped by Brent Krahn with a rebound.
0:51 of 1st period - Wrist shot by Matt Greene.
0:51 of 1st period - Shot Misses the Net.
0:53 of 1st period - Wrist shot by Alexandre Bolduc.
0:53 of 1st period - Shot Misses the Net.
1:26 of 1st period - Wrist shot by Maxim Afinogenov.
1:26 of 1st period - Deflect By Jiri Hudler.
1:26 of 1st period - Shot Misses the Net.
1:26 of 1st period - Puck is out of play.
1:27 of 1st period - Valtteri Filppula wins face-off versus Matt Stajan in Rangers zone.
1:41 of 1st period - Wrist shot by Matt Stajan.
1:41 of 1st period - Stopped by Henrik Lundqvist without a rebound.
1:42 of 1st period - Nikolai Zherdev wins face-off versus Milan Lucic in Rangers zone.
1:51 of 1st period - Snap shot by Milan Lucic.
1:51 of 1st period - Deflect By Matt Read.
1:51 of 1st period - Shot Blocked by Alex Goligoski.
1:51 of 1st period - Puck is out of play.
1:52 of 1st period - Milan Lucic wins face-off versus Nikolai Zherdev in Canucks zone.
2:21 of 1st period - Snap shot by Milan Lucic.
2:21 of 1st period - Stopped by Brent Krahn with a rebound.
2:33 of 1st period - Snap shot by Clarke MacArthur.
2:33 of 1st period - Stopped by Henrik Lundqvist without a rebound.
2:34 of 1st period - Alexandre Bolduc wins face-off versus Mike Ribeiro in Rangers zone.
2:41 of 1st period - Jakob Silfverberg is hit by Patrick Eaves.
3:04 of 1st period - Wrist shot by Mike Cammalleri.
3:04 of 1st period - Deflect By Darren Reid.
3:04 of 1st period - Shot Misses the Net.
3:04 of 1st period - Puck is out of play.
3:05 of 1st period - Stephen Weiss wins face-off versus Matt Stajan in Canucks zone.
3:18 of 1st period - Snap shot by Maxim Afinogenov.
3:18 of 1st period - Stopped by Henrik Lundqvist with a rebound.
4:07 of 1st period - Slapshot by Alex Goligoski.
4:07 of 1st period - Shot Blocked by Mark Fistric.
4:09 of 1st period - Snap shot by Alex Goligoski.
4:09 of 1st period - Stopped by Henrik Lundqvist without a rebound.
4:10 of 1st period - Mike Ribeiro wins face-off versus Darren Reid in Rangers zone.
4:31 of 1st period - Minor Penalty to Ryan Suter for Tripping.
4:32 of 1st period - Milan Michalek wins face-off versus Milan Lucic in Rangers zone.
4:47 of 1st period - Milan Lucic is hit by Mike Ribeiro and loses puck.
4:59 of 1st period - Icing by Ben Lovejoy.
5:00 of 1st period - Mike Cammalleri wins face-off versus Matt Stajan in Canucks zone.
5:10 of 1st period - Wrist shot by James Neal.
5:10 of 1st period - Stopped by Brent Krahn with a rebound.
5:12 of 1st period - Snap shot by James Neal.
5:12 of 1st period - Goal by James Neal - Canucks : 0 - Rangers : 1.
5:13 of 1st period - Milan Lucic wins face-off versus Mike Ribeiro in neutral zone.
5:22 of 1st period - Snap shot by Stephen Weiss.
5:22 of 1st period - Shot Misses the Net.
5:24 of 1st period - Wrist shot by Stephen Weiss.
5:24 of 1st period - Shot Misses the Net.
5:26 of 1st period - Wrist shot by Cam Barker.
5:26 of 1st period - Stopped by Brent Krahn with a rebound.
5:28 of 1st period - Snap shot by Mark Fistric.
5:28 of 1st period - Stopped by Brent Krahn with a rebound.
5:30 of 1st period - Wrist shot by Milan Lucic.
5:30 of 1st period - Shot Misses the Net.
6:31 of 1st period - Penalty to Ryan Suter is over, Ryan Suter is back on ice.
6:41 of 1st period - Snap shot by Nikolai Zherdev.
6:41 of 1st period - Deflect By Alex Tanguay.
6:41 of 1st period - Shot Misses the Net.
6:41 of 1st period - Puck is out of play.
6:42 of 1st period - Alexandre Bolduc wins face-off versus Maxim Lapierre in Rangers zone.
7:13 of 1st period - Slapshot by Alex Goligoski.
7:13 of 1st period - Stopped by Henrik Lundqvist without a rebound.
7:14 of 1st period - Mike Ribeiro wins face-off versus Stephen Weiss in Rangers zone.
8:36 of 1st period - Off-side.
8:37 of 1st period - Patrick Eaves wins face-off versus Valtteri Filppula in neutral zone.
9:04 of 1st period - Matt Stajan is hit by Chris Bourque.
9:12 of 1st period - Snap shot by Maxim Afinogenov.
9:12 of 1st period - Shot Blocked by Chris Bourque.
9:14 of 1st period - Slapshot by Brendon Nash.
9:14 of 1st period - Shot Misses the Net.
10:04 of 1st period - Snap shot by Maxim Afinogenov.
10:04 of 1st period - Stopped by Henrik Lundqvist with a rebound.
10:43 of 1st period - Tom Poti is hit by Darren Reid and loses puck.
11:07 of 1st period - Icing by Colten Teubert.
11:08 of 1st period - Mike Ribeiro wins face-off versus Alexandre Bolduc in Rangers zone.
11:29 of 1st period - Stephen Weiss is hit by Tom Poti and loses puck.
12:49 of 1st period - Snap shot by Mike Cammalleri.
12:49 of 1st period - Stopped by Brent Krahn with a rebound.
13:01 of 1st period - Staffan Kronwall is hit by Brendon Nash and loses puck.
13:09 of 1st period - Minor Penalty to Milan Lucic for Hooking.
13:10 of 1st period - Mike Ribeiro wins face-off versus Chris Bourque in Rangers zone.
13:12 of 1st period - Wrist shot by Milan Michalek.
13:12 of 1st period - Shot Misses the Net.
13:14 of 1st period - Snap shot by Ben Lovejoy.
13:14 of 1st period - Stopped by Henrik Lundqvist with a rebound.
13:16 of 1st period - Slapshot by Milan Michalek.
13:16 of 1st period - Stopped by Henrik Lundqvist without a rebound.
13:17 of 1st period - Maxim Afinogenov wins face-off versus Chris Bourque in Rangers zone.
13:18 of 1st period - Wrist shot by Milan Michalek.
13:18 of 1st period - Stopped by Henrik Lundqvist with a rebound.
13:20 of 1st period - Slapshot by Maxim Afinogenov.
13:20 of 1st period - Goal by Maxim Afinogenov - Canucks : 1 - Rangers : 1.
13:21 of 1st period - Stephen Weiss wins face-off versus Mike Ribeiro in neutral zone.
13:24 of 1st period - Wrist shot by Cam Barker.
13:24 of 1st period - Stopped by Brent Krahn without a rebound.
13:25 of 1st period - Stephen Weiss wins face-off versus Mike Ribeiro in Canucks zone.
13:54 of 1st period - Snap shot by Mike Cammalleri.
13:54 of 1st period - Stopped by Brent Krahn with a rebound.
14:09 of 1st period - Icing by Darren Reid.
14:10 of 1st period - Maxim Lapierre wins face-off versus Valtteri Filppula in Rangers zone.
14:18 of 1st period - Minor Penalty to Nigel Dawes for Hooking.
14:19 of 1st period - Stephen Weiss wins face-off versus Milan Michalek in Canucks zone.
14:23 of 1st period - Snap shot by Milan Lucic.
14:23 of 1st period - Goal by Milan Lucic - Canucks : 1 - Rangers : 2.
14:24 of 1st period - Patrick Eaves wins face-off versus Stephen Weiss in neutral zone.
14:51 of 1st period - Ben Lovejoy is hit by Mike Cammalleri and loses puck.
16:01 of 1st period - Minor Penalty to Nikolai Zherdev for Hooking.
16:02 of 1st period - Stephen Weiss wins face-off versus Milan Michalek in Canucks zone.
17:30 of 1st period - Alex Tanguay is hit by James Neal and loses puck.
18:01 of 1st period - Penalty to Nikolai Zherdev is over, Nikolai Zherdev is back on ice.
18:32 of 1st period - Snap shot by Patrick Eaves.
18:32 of 1st period - Shot Misses the Net.
18:34 of 1st period - Snap shot by Nigel Dawes.
18:34 of 1st period - Shot Misses the Net.
18:36 of 1st period - Snap shot by Mike Ribeiro.
18:36 of 1st period - Deflect By Patrick Eaves.
18:36 of 1st period - Stopped by Henrik Lundqvist with a rebound.
19:07 of 1st period - Valtteri Filppula is hit by Nikolai Zherdev and loses puck.
Goals for this period are 1 for Canucks vs 2 for Rangers.
Shots for this period are 12 for Canucks vs 10 for Rangers.

2nd period


0:01 of 2nd period - Mike Ribeiro wins face-off versus Stephen Weiss in neutral zone.
0:12 of 2nd period - Backhand shot by Alex Goligoski.
0:12 of 2nd period - Stopped by Henrik Lundqvist without a rebound.
0:13 of 2nd period - Stephen Weiss wins face-off versus Mike Ribeiro in Rangers zone.
0:15 of 2nd period - Minor Penalty to James Neal for Tripping.
0:16 of 2nd period - Mike Ribeiro wins face-off versus Milan Lucic in Rangers zone.
0:51 of 2nd period - Wrist shot by Martin St. Louis.
0:51 of 2nd period - Shot Misses the Net.
2:15 of 2nd period - Penalty to James Neal is over, James Neal is back on ice.
2:23 of 2nd period - Snap shot by Milan Lucic.
2:23 of 2nd period - Shot Misses the Net.
2:43 of 2nd period - Minor Penalty to Nikolai Zherdev for Checking from behind.
2:44 of 2nd period - Valtteri Filppula wins face-off versus Milan Michalek in Canucks zone.
3:09 of 2nd period - Mike Ribeiro is hit by Milan Lucic.
4:43 of 2nd period - Penalty to Nikolai Zherdev is over, Nikolai Zherdev is back on ice.
5:11 of 2nd period - Milan Lucic is hit by Alex Tanguay and loses puck.
6:55 of 2nd period - Alexandre Bolduc is hit by Maxim Lapierre and loses puck.
7:51 of 2nd period - Cam Barker is hit by Jiri Hudler and loses puck.
8:02 of 2nd period - Mike Ribeiro is hit by Mike Cammalleri and loses puck.
8:19 of 2nd period - Wrist shot by Stephen Weiss.
8:19 of 2nd period - Shot Blocked by Maxim Lapierre.
8:21 of 2nd period - Snap shot by Chris Bourque.
8:21 of 2nd period - Deflect By Maxim Lapierre.
8:21 of 2nd period - Stopped by Brent Krahn with a rebound.
8:32 of 2nd period - Icing by Tom Poti.
8:33 of 2nd period - Valtteri Filppula wins face-off versus Martin St. Louis in Canucks zone.
8:36 of 2nd period - Wrist shot by Valtteri Filppula.
8:36 of 2nd period - Goal by Valtteri Filppula - Canucks : 1 - Rangers : 3.
8:37 of 2nd period - Valtteri Filppula wins face-off versus Mike Ribeiro in neutral zone.
8:50 of 2nd period - Snap shot by Patrick Eaves.
8:50 of 2nd period - Shot Blocked by Mike Cammalleri.
8:52 of 2nd period - Snap shot by Alex Goligoski.
8:52 of 2nd period - Shot Blocked by Mike Cammalleri.
9:02 of 2nd period - Cam Barker is hit by Ben Lovejoy and loses puck.
9:15 of 2nd period - Backhand shot by Valtteri Filppula.
9:15 of 2nd period - Shot Blocked by Alex Tanguay.
9:17 of 2nd period - Snap shot by Valtteri Filppula.
9:17 of 2nd period - Shot Blocked by Nikolai Zherdev.
9:19 of 2nd period - Snap shot by Valtteri Filppula.
9:19 of 2nd period - Stopped by Brent Krahn with a rebound.
9:27 of 2nd period - Snap shot by Mike Cammalleri.
9:27 of 2nd period - Shot Blocked by Ben Lovejoy.
9:29 of 2nd period - Wrist shot by Darren Reid.
9:29 of 2nd period - Stopped by Brent Krahn with a rebound.
9:31 of 2nd period - Slapshot by Valtteri Filppula.
9:31 of 2nd period - Deflect By Mike Cammalleri.
9:31 of 2nd period - Stopped by Brent Krahn with a rebound.
9:33 of 2nd period - Slapshot by Alexei Emelin.
9:33 of 2nd period - Shot Blocked by Nikolai Zherdev.
9:35 of 2nd period - Snap shot by Mike Cammalleri.
9:35 of 2nd period - Stopped by Brent Krahn without a rebound.
9:36 of 2nd period - Mike Ribeiro wins face-off versus Stephen Weiss in Canucks zone.
9:51 of 2nd period - Wrist shot by Milan Lucic.
9:51 of 2nd period - Deflect By Stephen Weiss.
9:51 of 2nd period - Shot Blocked by Sami Lepisto.
9:51 of 2nd period - Puck is out of play.
9:52 of 2nd period - Matt Stajan wins face-off versus Stephen Weiss in Canucks zone.
10:17 of 2nd period - Jiri Hudler is hit by Cam Barker and loses puck.
10:57 of 2nd period - Off-side.
10:58 of 2nd period - Valtteri Filppula wins face-off versus Maxim Lapierre in neutral zone.
11:40 of 2nd period - Wrist shot by Maxim Afinogenov.
11:40 of 2nd period - Shot Misses the Net.
11:42 of 2nd period - Slapshot by Ryan Parent.
11:42 of 2nd period - Stopped by Henrik Lundqvist without a rebound.
11:43 of 2nd period - Matt Stajan wins face-off versus Stephen Weiss in Rangers zone.
11:54 of 2nd period - Maxim Afinogenov is hit by James Neal and loses puck.
11:59 of 2nd period - Snap shot by Milan Lucic.
11:59 of 2nd period - Shot Hit the Post.
12:35 of 2nd period - Slapshot by Nikolai Zherdev.
12:35 of 2nd period - Deflect By Maxim Lapierre.
12:35 of 2nd period - Shot Misses the Net.
12:35 of 2nd period - Puck is out of play.
12:36 of 2nd period - Mike Ribeiro wins face-off versus Stephen Weiss in Rangers zone.
12:55 of 2nd period - Sami Lepisto is hit by Matt Greene and loses puck.
13:10 of 2nd period - Darren Reid is hit by Matt Stajan and loses puck.
13:17 of 2nd period - Slapshot by Matt Stajan.
13:17 of 2nd period - Shot Misses the Net.
13:19 of 2nd period - Snap shot by Jiri Hudler.
13:19 of 2nd period - Deflect By Maxim Afinogenov.
13:19 of 2nd period - Stopped by Henrik Lundqvist without a rebound.
13:20 of 2nd period - Maxim Lapierre wins face-off versus James Neal in Rangers zone.
14:16 of 2nd period - Jiri Hudler is hit by Chris Bourque and loses puck.
15:09 of 2nd period - Jakob Silfverberg is hit by Jiri Hudler and loses puck.
15:24 of 2nd period - Snap shot by Maxim Lapierre.
15:24 of 2nd period - Stopped by Henrik Lundqvist with a rebound.
15:26 of 2nd period - Slapshot by Alex Tanguay.
15:26 of 2nd period - Deflect By Maxim Lapierre.
15:26 of 2nd period - Stopped by Henrik Lundqvist without a rebound.
15:27 of 2nd period - Alex Tanguay wins face-off versus Stephen Weiss in Rangers zone.
15:28 of 2nd period - Snap shot by Nikolai Zherdev.
15:28 of 2nd period - Stopped by Henrik Lundqvist with a rebound.
15:30 of 2nd period - Slapshot by Maxim Lapierre.
15:30 of 2nd period - Shot Blocked by Milan Lucic.
15:32 of 2nd period - Snap shot by Brendon Nash.
15:32 of 2nd period - Deflect By Nikolai Zherdev.
15:32 of 2nd period - Shot Misses the Net.
15:32 of 2nd period - Puck is out of play.
15:33 of 2nd period - Stephen Weiss wins face-off versus Mike Ribeiro in Rangers zone.
15:46 of 2nd period - Milan Lucic is hit by Mike Ribeiro and loses puck.
15:50 of 2nd period - Icing by Mark Fistric.
15:51 of 2nd period - Stephen Weiss wins face-off versus Matt Stajan in Rangers zone.
15:51 of 2nd period - Stephen Weiss is hit by Alex Goligoski.
16:09 of 2nd period - Snap shot by Stephen Weiss.
16:09 of 2nd period - Goal by Stephen Weiss - Canucks : 1 - Rangers : 4.
16:09 of 2nd period - Carey Price enters game.
16:10 of 2nd period - Stephen Weiss wins face-off versus Mike Ribeiro in neutral zone.
16:13 of 2nd period - Snap shot by Stephen Weiss.
16:13 of 2nd period - Shot Blocked by Alex Goligoski.
16:15 of 2nd period - Wrist shot by Milan Lucic.
16:15 of 2nd period - Stopped by Carey Price with a rebound.
16:17 of 2nd period - Wrist shot by James Neal.
16:17 of 2nd period - Shot Misses the Net.
16:19 of 2nd period - Backhand shot by Mark Fistric.
16:19 of 2nd period - Deflect By Milan Lucic.
16:19 of 2nd period - Stopped by Carey Price with a rebound.
16:21 of 2nd period - Snap shot by Mark Fistric.
16:21 of 2nd period - Shot Misses the Net.
16:39 of 2nd period - Snap shot by Ben Lovejoy.
16:39 of 2nd period - Shot Blocked by Mike Cammalleri.
17:09 of 2nd period - Alexandre Bolduc is hit by Alex Tanguay and loses puck.
17:20 of 2nd period - Slapshot by Stephen Weiss.
17:20 of 2nd period - Deflect By Patrick Eaves.
17:20 of 2nd period - Shot Blocked by Sami Lepisto.
17:20 of 2nd period - Puck is out of play.
17:21 of 2nd period - Mike Ribeiro wins face-off versus Stephen Weiss in Canucks zone.
17:21 of 2nd period - Mike Ribeiro is hit by Stephen Weiss.
17:38 of 2nd period - Wrist shot by Stephen Weiss.
17:38 of 2nd period - Shot Blocked by Mike Ribeiro.
17:55 of 2nd period - Backhand shot by Maxim Afinogenov.
17:55 of 2nd period - Stopped by Henrik Lundqvist with a rebound.
17:57 of 2nd period - Slapshot by Sami Lepisto.
17:57 of 2nd period - Stopped by Henrik Lundqvist without a rebound.
17:58 of 2nd period - Maxim Afinogenov wins face-off versus Stephen Weiss in Rangers zone.
17:59 of 2nd period - Wrist shot by Matt Stajan.
17:59 of 2nd period - Shot Misses the Net.
18:04 of 2nd period - Off-side.
18:05 of 2nd period - Stephen Weiss wins face-off versus Matt Stajan in neutral zone.
18:12 of 2nd period - Slapshot by Cam Barker.
18:12 of 2nd period - Shot Misses the Net.
18:14 of 2nd period - Snap shot by Mark Fistric.
18:14 of 2nd period - Stopped by Carey Price with a rebound.
18:20 of 2nd period - Snap shot by Milan Lucic.
18:20 of 2nd period - Shot Blocked by Ryan Parent.
18:42 of 2nd period - Slapshot by Maxim Afinogenov.
18:42 of 2nd period - Shot Misses the Net.
18:48 of 2nd period - Snap shot by Milan Lucic.
18:48 of 2nd period - Deflect By Maxim Afinogenov.
18:48 of 2nd period - Shot Misses the Net.
18:48 of 2nd period - Puck is out of play.
18:49 of 2nd period - Mike Ribeiro wins face-off versus Valtteri Filppula in Canucks zone.
19:02 of 2nd period - Snap shot by Alex Goligoski.
19:02 of 2nd period - Deflect By Patrick Eaves.
19:02 of 2nd period - Stopped by Henrik Lundqvist with a rebound.
19:14 of 2nd period - Maxim Lapierre is hit by Alexandre Bolduc and loses puck.
19:21 of 2nd period - Wrist shot by Jakob Silfverberg.
19:21 of 2nd period - Stopped by Carey Price with a rebound.
19:23 of 2nd period - Slapshot by Alexei Emelin.
19:23 of 2nd period - Deflect By Chris Bourque.
19:23 of 2nd period - Stopped by Carey Price without a rebound.
19:24 of 2nd period - Mike Ribeiro wins face-off versus Stephen Weiss in Canucks zone.
19:49 of 2nd period - Mike Cammalleri is hit by Matt Stajan and loses puck.
19:57 of 2nd period - Minor Penalty to Alexei Emelin for Interference.
19:58 of 2nd period - Mike Ribeiro wins face-off versus Milan Lucic in Rangers zone.
Goals for this period are 0 for Canucks vs 2 for Rangers.
Shots for this period are 9 for Canucks vs 12 for Rangers.

3rd period


0:01 of 3rd period - Milan Lucic wins face-off versus Mike Ribeiro in neutral zone.
0:12 of 3rd period - Slapshot by Milan Lucic.
0:12 of 3rd period - Shot Misses the Net.
0:22 of 3rd period - Minor Penalty to Milan Michalek for Hooking.
0:23 of 3rd period - Nikolai Zherdev wins face-off versus Milan Lucic in Canucks zone.
0:30 of 3rd period - Snap shot by Nikolai Zherdev.
0:30 of 3rd period - Stopped by Henrik Lundqvist with a rebound.
0:50 of 3rd period - Stephen Weiss is hit by Mike Ribeiro and loses puck.
1:40 of 3rd period - Icing by Cam Barker.
1:41 of 3rd period - Jiri Hudler wins face-off versus Mike Cammalleri in Rangers zone.
1:57 of 3rd period - Penalty to Alexei Emelin is over, Alexei Emelin is back on ice.
2:22 of 3rd period - Penalty to Milan Michalek is over, Milan Michalek is back on ice.
2:32 of 3rd period - Wrist shot by Chris Bourque.
2:32 of 3rd period - Stopped by Carey Price with a rebound.
2:34 of 3rd period - Wrist shot by Alexandre Bolduc.
2:34 of 3rd period - Stopped by Carey Price without a rebound.
2:35 of 3rd period - Nikolai Zherdev wins face-off versus Alexandre Bolduc in Canucks zone.
2:35 of 3rd period - Nikolai Zherdev is hit by Chris Bourque.
2:41 of 3rd period - Slapshot by Sami Lepisto.
2:41 of 3rd period - Shot Misses the Net.
2:49 of 3rd period - Wrist shot by Chris Bourque.
2:49 of 3rd period - Stopped by Carey Price without a rebound.
2:50 of 3rd period - Stephen Weiss wins face-off versus Patrick Eaves in Canucks zone.
2:53 of 3rd period - Wrist shot by Stephen Weiss.
2:53 of 3rd period - Shot Blocked by Patrick Eaves.
3:05 of 3rd period - Snap shot by Patrick Eaves.
3:05 of 3rd period - Stopped by Henrik Lundqvist with a rebound.
3:15 of 3rd period - Snap shot by Martin St. Louis.
3:15 of 3rd period - Deflect By Clarke MacArthur.
3:15 of 3rd period - Stopped by Henrik Lundqvist with a rebound.
3:25 of 3rd period - Wrist shot by Martin St. Louis.
3:25 of 3rd period - Stopped by Henrik Lundqvist with a rebound.
3:27 of 3rd period - Snap shot by Ryan Parent.
3:27 of 3rd period - Stopped by Henrik Lundqvist without a rebound.
3:28 of 3rd period - Mike Ribeiro wins face-off versus Valtteri Filppula in Rangers zone.
3:42 of 3rd period - Off-side.
3:43 of 3rd period - Matt Stajan wins face-off versus Alexandre Bolduc in neutral zone.
3:52 of 3rd period - Wrist shot by Jiri Hudler.
3:52 of 3rd period - Stopped by Henrik Lundqvist without a rebound.
3:53 of 3rd period - Matt Stajan wins face-off versus Alexandre Bolduc in Rangers zone.
3:54 of 3rd period - Snap shot by Maxim Afinogenov.
3:54 of 3rd period - Stopped by Henrik Lundqvist without a rebound.
3:55 of 3rd period - Mike Ribeiro wins face-off versus Milan Lucic in Rangers zone.
4:08 of 3rd period - Slapshot by Mike Ribeiro.
4:08 of 3rd period - Stopped by Henrik Lundqvist without a rebound.
4:09 of 3rd period - Stephen Weiss wins face-off versus Mike Ribeiro in Rangers zone.
5:20 of 3rd period - Wrist shot by Ryan Parent.
5:20 of 3rd period - Deflect By Martin St. Louis.
5:20 of 3rd period - Shot Misses the Net.
5:20 of 3rd period - Puck is out of play.
5:21 of 3rd period - Alexandre Bolduc wins face-off versus Nikolai Zherdev in Rangers zone.
5:33 of 3rd period - Minor Penalty to Clarke MacArthur for Hooking.
5:34 of 3rd period - Milan Michalek wins face-off versus Stephen Weiss in Canucks zone.
5:38 of 3rd period - Slapshot by Ben Lovejoy.
5:38 of 3rd period - Shot Misses the Net.
6:56 of 3rd period - Alex Goligoski is hit by Ryan Suter and loses puck.
7:33 of 3rd period - Penalty to Clarke MacArthur is over, Clarke MacArthur is back on ice.
7:33 of 3rd period - Sami Lepisto is hit by Matt Greene and loses puck.
8:49 of 3rd period - Icing by Clarke MacArthur.
8:50 of 3rd period - Milan Lucic wins face-off versus Nikolai Zherdev in Canucks zone.
8:51 of 3rd period - Wrist shot by Nathan Gerbe.
8:51 of 3rd period - Stopped by Carey Price with a rebound.
9:13 of 3rd period - Snap shot by Matt Stajan.
9:13 of 3rd period - Deflect By Jiri Hudler.
9:13 of 3rd period - Shot Misses the Net.
9:13 of 3rd period - Puck is out of play.
9:14 of 3rd period - Maxim Lapierre wins face-off versus Valtteri Filppula in Rangers zone.
9:25 of 3rd period - Snap shot by Maxim Lapierre.
9:25 of 3rd period - Shot Misses the Net.
9:27 of 3rd period - Slapshot by Alex Goligoski.
9:27 of 3rd period - Deflect By Nikolai Zherdev.
9:27 of 3rd period - Goal by Nikolai Zherdev - Canucks : 2 - Rangers : 4.
9:28 of 3rd period - Stephen Weiss wins face-off versus Mike Ribeiro in neutral zone.
9:31 of 3rd period - Wrist shot by Cam Barker.
9:31 of 3rd period - Deflect By Stephen Weiss.
9:31 of 3rd period - Stopped by Carey Price without a rebound.
9:32 of 3rd period - Stephen Weiss wins face-off versus Nigel Dawes in Canucks zone.
9:39 of 3rd period - Snap shot by James Neal.
9:39 of 3rd period - Stopped by Carey Price with a rebound.
9:41 of 3rd period - Snap shot by Milan Lucic.
9:41 of 3rd period - Stopped by Carey Price with a rebound.
9:43 of 3rd period - Snap shot by James Neal.
9:43 of 3rd period - Stopped by Carey Price with a rebound.
10:09 of 3rd period - Slapshot by Cam Barker.
10:09 of 3rd period - Shot Blocked by Maxim Afinogenov.
10:41 of 3rd period - Ryan Suter is hit by Sami Lepisto and loses puck.
11:23 of 3rd period - Wrist shot by Martin St. Louis.
11:23 of 3rd period - Shot Misses the Net.
11:36 of 3rd period - Minor Penalty to Chris Bourque for Hooking.
11:37 of 3rd period - Milan Lucic wins face-off versus Mike Ribeiro in Rangers zone.
12:03 of 3rd period - Alex Goligoski is hit by Milan Lucic.
13:03 of 3rd period - Slapshot by Matt Greene.
13:03 of 3rd period - Shot Misses the Net.
13:36 of 3rd period - Penalty to Chris Bourque is over, Chris Bourque is back on ice.
13:41 of 3rd period - Wrist shot by Alex Tanguay.
13:41 of 3rd period - Shot Blocked by Alexandre Bolduc.
13:45 of 3rd period - Wrist shot by Maxim Lapierre.
13:45 of 3rd period - Stopped by Henrik Lundqvist with a rebound.
13:47 of 3rd period - Wrist shot by Alex Tanguay.
13:47 of 3rd period - Stopped by Henrik Lundqvist without a rebound.
13:48 of 3rd period - Milan Lucic wins face-off versus Maxim Lapierre in Rangers zone.
14:13 of 3rd period - Valtteri Filppula is hit by Ryan Parent and loses puck.
14:40 of 3rd period - Clarke MacArthur is hit by Ryan Suter and loses puck.
14:57 of 3rd period - Slapshot by Ryan Parent.
14:57 of 3rd period - Deflect By Milan Lucic.
14:57 of 3rd period - Stopped by Henrik Lundqvist with a rebound.
15:17 of 3rd period - Darren Reid is hit by Maxim Afinogenov.
16:18 of 3rd period - Ben Lovejoy is hit by Milan Lucic and loses puck.
19:13 of 3rd period - Icing by Milan Lucic.
19:14 of 3rd period - Stephen Weiss wins face-off versus Maxim Lapierre in Rangers zone.
Goals for this period are 1 for Canucks vs 0 for Rangers.
Shots for this period are 12 for Canucks vs 8 for Rangers.